[ AOE2 MATCH · #507616793 ]
UnrankedPortuguese vs Goths
Player's team · LOSS
Rival team · WIN
[ REPLAY ANALYSIS · EXTRACTED FROM THE RECORDED GAME ]
Feudal
9:38
Castle
19:27
Imperial
—
| APM avg | 74.7 |
| APM peak | 99 |
| eAPM avg | 33.4 |
| Villagers / military | 114 / 27 |
Focus
⚔️ 27.6% · 🌾 72.4%
Archer ×8 · Skirmisher ×7 · Organ Gun ×5 · Fishing Ship ×5 · Mangonel ×4 · Unknown (2626) ×4
Feudal
9:43
Castle
21:24
Imperial
—
| APM avg | 63.0 |
| APM peak | 97 |
| eAPM avg | 26.2 |
| Villagers / military | 105 / 44 |
Focus
⚔️ 30.5% · 🌾 69.5%
Fishing Ship ×22 · Skirmisher ×12 · Archer ×9 · Cavalry Archer ×9 · Unknown (2626) ×5 · Scout Cavalry ×4
Match map
Initial resources + every placement click. Lines = walls · curves = elevation contours. ◆ gold · ⬟ stone · ● berries · ✦ relic · ◌ wall gap
Your base· ✓ Closed at 19:27 · 44t walls · 1 gate(s)
Gabi's base· Open — opponent sealed themselves in
Smoothed initial terrain · ◌ = detected wall gap · hover for details
Inputs per minute
— Bubbagump - - Gabi
Build order — Bubbagump
First 150 of 267 actions detected
| 0:01 | Create | Villager (Male) |
| 0:01 | Create | Villager (Male) |
| 0:01 | Create | Villager (Male) |
| 0:02 | Build | House |
| 0:03 | Build | House |
| 0:05 | Create | Villager (Male) |
| 0:05 | Create | Villager (Male) |
| 1:28 | Create | Villager (Male) |
| 1:44 | Build | Lumber Camp |
| 1:52 | Create | Villager (Male) |
| 2:20 | Create | Villager (Male) |
| 2:20 | Create | Villager (Male) |
| 2:44 | Create | Villager (Male) |
| 2:44 | Create | Villager (Male) |
| 3:17 | Create | Villager (Male) |
| 3:17 | Create | Villager (Male) |
| 3:24 | Build | House |
| 3:28 | Build | House |
| 3:29 | Build | Palisade Wall |
| 3:30 | Build | Palisade Wall |
| 3:35 | Create | Villager (Male) |
| 3:35 | Create | Villager (Male) |
| 4:00 | Create | Villager (Male) |
| 4:30 | Create | Villager (Male) |
| 4:42 | Build | Dock |
| 4:47 | Create | Villager (Male) |
| 4:56 | Build | Palisade Wall |
| 4:57 | Build | Palisade Wall |
| 5:14 | Create | Villager (Male) |
| 5:14 | Create | Villager (Male) |
| 5:24 | Create | Fishing Ship |
| 5:39 | Build | House |
| 5:41 | Create | Villager (Male) |
| 6:01 | Build | House |
| 6:11 | Create | Villager (Male) |
| 6:13 | Create | Fishing Ship |
| 6:28 | Create | Villager (Male) |
| 6:45 | Create | Villager (Male) |
| 6:49 | Create | Fishing Ship |
| 6:55 | Research | Loom |
| 7:28 | Research | Feudal Age |
| 7:44 | Create | Fishing Ship |
| 8:02 | Build | Mining Camp |
| 8:05 | Build | Palisade Wall |
| 8:17 | Build | Palisade Gate |
| 8:32 | Create | Villager (Male) |
| 8:48 | Build | Barracks |
| 8:50 | Build | Palisade Wall |
| 8:51 | Build | Palisade Wall |
| 9:04 | Build | Palisade Wall |
| 9:05 | Build | Palisade Wall |
| 9:05 | Build | Palisade Wall |
| 9:06 | Build | Palisade Wall |
| 9:25 | Build | Palisade Wall |
| 9:38 | Age | Feudal Age |
| 9:42 | Build | Archery Range |
| 9:46 | Research | Double-Bit Axe |
| 9:47 | Create | Villager (Male) |
| 9:57 | Create | Spearman |
| 10:01 | Create | Villager (Male) |
| 10:05 | Research | Town Watch |
| 10:11 | Build | House |
| 10:18 | Create | Villager (Male) |
| 10:29 | Create | Skirmisher |
| 10:32 | Create | Villager (Male) |
| 10:35 | Build | Blacksmith |
| 10:50 | Create | Villager (Male) |
| 10:56 | Create | Villager (Male) |
| 11:04 | Create | Villager (Male) |
| 11:14 | Create | Skirmisher |
| 11:18 | Create | Villager (Male) |
| 11:19 | Create | Villager (Male) |
| 11:25 | Build | Mill |
| 11:42 | Create | Skirmisher |
| 11:49 | Create | Villager (Male) |
| 11:51 | Build | House |
| 11:52 | Create | Villager (Male) |
| 11:56 | Build | Palisade Wall |
| 11:57 | Build | Palisade Wall |
| 12:19 | Create | Skirmisher |
| 12:30 | Build | Farm |
| 12:41 | Build | House |
| 12:58 | Research | Fletching |
| 13:00 | Create | Skirmisher |
| 13:13 | Build | House |
| 13:14 | Create | Fishing Ship |
| 13:21 | Build | Palisade Wall |
| 13:35 | Build | Palisade Wall |
| 13:54 | Create | Skirmisher |
| 13:57 | Create | Villager (Male) |
| 14:06 | Create | Spearman |
| 14:22 | Build | Palisade Wall |
| 14:24 | Build | Farm |
| 14:26 | Build | Farm |
| 14:32 | Create | Archer |
| 14:33 | Create | Villager (Male) |
| 14:40 | Create | Villager (Male) |
| 14:46 | Create | Skirmisher |
| 14:49 | Create | Villager (Male) |
| 14:56 | Create | Villager (Male) |
| 15:07 | Build | Farm |
| 15:08 | Build | Farm |
| 15:11 | Build | Palisade Wall |
| 15:17 | Build | Palisade Wall |
| 15:17 | Create | Archer |
| 15:30 | Create | Villager (Male) |
| 15:46 | Build | Farm |
| 15:47 | Build | Farm |
| 15:48 | Build | Farm |
| 15:50 | Create | Archer |
| 15:53 | Build | House |
| 16:02 | Build | House |
| 16:07 | Build | Farm |
| 16:27 | Build | Watch Tower |
| 16:40 | Create | Villager (Male) |
| 16:47 | Research | Castle Age |
| 17:15 | Build | Lumber Camp |
| 17:21 | Create | Archer |
| 17:24 | Build | Palisade Wall |
| 17:49 | Build | Mining Camp |
| 18:00 | Create | Archer |
| 18:35 | Create | Archer |
| 18:47 | Research | Gold Mining |
| 18:54 | Create | Archer |
| 19:03 | Build | Palisade Wall |
| 19:04 | Build | Palisade Wall |
| 19:11 | Create | Villager (Male) |
| 19:19 | Create | Unit 2626 |
| 19:27 | Age | Castle Age |
| 19:34 | Create | Villager (Male) |
| 19:55 | Create | Unit 2626 |
| 20:02 | Build | Market |
| 20:08 | Build | Palisade Wall |
| 20:12 | Create | Villager (Male) |
| 20:28 | Build | Palisade Wall |
| 20:36 | Research | Bow Saw |
| 20:37 | Create | Villager (Male) |
| 20:56 | Research | Horse Collar |
| 20:57 | Create | Villager (Male) |
| 21:03 | Create | Villager (Male) |
| 21:10 | Research | Wheelbarrow |
| 21:16 | Research | Bodkin Arrow |
| 21:21 | Build | House |
| 21:36 | Create | Villager (Male) |
| 22:07 | Create | Villager (Male) |
| 22:17 | Research | Thumb Ring |
| 22:18 | Create | Villager (Male) |
| 22:21 | Build | Town Center |
| 22:29 | Create | Villager (Male) |
| 22:39 | Create | Archer |
Build order — Gabi
First 150 of 272 actions detected
| 0:01 | Create | Villager (Male) |
| 0:01 | Create | Villager (Male) |
| 0:02 | Create | Villager (Male) |
| 0:02 | Build | House |
| 0:04 | Build | House |
| 0:59 | Research | Loom |
| 1:04 | Create | Villager (Male) |
| 1:26 | Build | Lumber Camp |
| 1:27 | Create | Villager (Male) |
| 2:05 | Create | Villager (Male) |
| 2:05 | Create | Villager (Male) |
| 2:45 | Create | Villager (Male) |
| 2:45 | Create | Villager (Male) |
| 3:12 | Create | Villager (Male) |
| 3:26 | Build | House |
| 3:35 | Create | Villager (Male) |
| 4:00 | Build | Dock |
| 4:03 | Create | Villager (Male) |
| 4:37 | Create | Villager (Male) |
| 4:39 | Create | Fishing Ship |
| 4:47 | Build | House |
| 4:52 | Create | Villager (Male) |
| 5:18 | Create | Fishing Ship |
| 5:23 | Create | Villager (Male) |
| 5:23 | Create | Villager (Male) |
| 5:44 | Create | Villager (Male) |
| 5:51 | Create | Fishing Ship |
| 6:12 | Create | Villager (Male) |
| 6:36 | Create | Villager (Male) |
| 7:03 | Create | Villager (Male) |
| 7:11 | Build | Barracks |
| 7:33 | Research | Feudal Age |
| 7:56 | Build | Mining Camp |
| 8:06 | Create | Militia |
| 8:08 | Build | House |
| 8:33 | Create | Militia |
| 8:51 | Create | Militia |
| 8:55 | Build | House |
| 8:59 | Create | Fishing Ship |
| 9:39 | Create | Villager (Male) |
| 9:43 | Age | Feudal Age |
| 9:45 | Build | Archery Range |
| 9:50 | Research | Double-Bit Axe |
| 9:50 | Create | Villager (Male) |
| 10:17 | Create | Villager (Male) |
| 10:22 | Build | House |
| 10:25 | Create | Villager (Male) |
| 10:26 | Create | Archer |
| 10:32 | Build | Watch Tower |
| 10:36 | Research | Man-at-Arms (upgrade) |
| 10:37 | Create | Villager (Male) |
| 10:42 | Build | House |
| 10:46 | Build | Palisade Wall |
| 10:48 | Create | Archer |
| 10:48 | Create | Archer |
| 10:58 | Create | Villager (Male) |
| 11:04 | Create | Villager (Male) |
| 11:12 | Build | House |
| 11:15 | Create | Villager (Male) |
| 11:16 | Build | Blacksmith |
| 11:20 | Build | House |
| 11:28 | Build | House |
| 11:29 | Create | Villager (Male) |
| 11:30 | Create | Villager (Male) |
| 11:43 | Create | Villager (Male) |
| 11:49 | Create | Archer |
| 11:53 | Create | Villager (Male) |
| 12:10 | Research | Fletching |
| 12:22 | Create | Villager (Male) |
| 12:28 | Create | Villager (Male) |
| 12:44 | Create | Villager (Male) |
| 12:46 | Build | Stable |
| 12:56 | Create | Villager (Male) |
| 13:06 | Create | Villager (Male) |
| 13:11 | Create | Archer |
| 13:19 | Create | Archer |
| 13:43 | Create | Fishing Ship |
| 13:44 | Create | Fishing Ship |
| 13:46 | Create | Scout Cavalry |
| 13:46 | Create | Scout Cavalry |
| 13:56 | Create | Archer |
| 14:00 | Build | Mill |
| 14:15 | Create | Scout Cavalry |
| 14:20 | Create | Archer |
| 14:24 | Create | Villager (Male) |
| 14:38 | Create | Scout Cavalry |
| 14:41 | Build | Dock |
| 14:46 | Create | Archer |
| 14:50 | Build | House |
| 14:57 | Create | Villager (Male) |
| 15:04 | Create | Villager (Male) |
| 15:23 | Create | Fishing Ship |
| 15:24 | Create | Fishing Ship |
| 15:24 | Build | House |
| 15:29 | Create | Villager (Male) |
| 15:38 | Build | Mining Camp |
| 15:46 | Create | Skirmisher |
| 15:51 | Build | House |
| 15:53 | Create | Fishing Ship |
| 15:55 | Create | Villager (Male) |
| 16:09 | Build | Watch Tower |
| 16:22 | Create | Villager (Male) |
| 16:29 | Create | Fishing Ship |
| 16:31 | Build | House |
| 16:35 | Create | Villager (Male) |
| 16:44 | Build | Market |
| 16:59 | Create | Villager (Male) |
| 17:20 | Create | Skirmisher |
| 17:21 | Create | Villager (Male) |
| 17:23 | Create | Fishing Ship |
| 17:29 | Build | Watch Tower |
| 17:42 | Create | Villager (Male) |
| 17:56 | Build | House |
| 18:15 | Build | Dock |
| 18:19 | Create | Villager (Male) |
| 18:21 | Build | Outpost |
| 18:35 | Build | Outpost |
| 18:39 | Research | Castle Age |
| 18:41 | Create | Skirmisher |
| 18:42 | Create | Skirmisher |
| 18:42 | Create | Skirmisher |
| 18:54 | Build | Watch Tower |
| 18:59 | Create | Unit 2626 |
| 19:06 | Research | Padded Archer Armor |
| 19:18 | Build | Lumber Camp |
| 19:45 | Build | Outpost |
| 19:48 | Build | Palisade Wall |
| 19:48 | Build | Palisade Wall |
| 19:49 | Build | Palisade Wall |
| 19:49 | Build | Palisade Wall |
| 19:56 | Build | Watch Tower |
| 20:03 | Build | House |
| 20:13 | Build | Palisade Wall |
| 20:15 | Build | Palisade Wall |
| 20:17 | Build | Watch Tower |
| 20:27 | Create | Skirmisher |
| 20:27 | Create | Skirmisher |
| 20:50 | Build | Watch Tower |
| 21:00 | Build | Outpost |
| 21:09 | Create | Skirmisher |
| 21:22 | Create | Skirmisher |
| 21:24 | Age | Castle Age |
| 21:29 | Build | Outpost |
| 21:31 | Research | Bodkin Arrow |
| 21:33 | Create | Villager (Male) |
| 21:39 | Research | Elite Skirmisher (upgrade) |
| 21:40 | Create | Knight |
| 21:41 | Create | Villager (Male) |
| 21:56 | Build | Dock |
| 21:59 | Build | House |
Match timeline
| 3:29 | Bubbagump · wall_segment Palisade Wall x1 |
| 3:30 | Bubbagump · wall_segment Palisade Wall x1 |
| 4:00 | Gabi · first_building Dock |
| 4:42 | Bubbagump · first_building Dock |
| 4:56 | Bubbagump · wall_segment Palisade Wall x1 |
| 4:57 | Bubbagump · wall_segment Palisade Wall x1 |
| 7:11 | Gabi · first_building Barracks |
| 8:05 | Bubbagump · wall_segment Palisade Wall x4 |
| 8:48 | Bubbagump · first_building Barracks |
| 8:50 | Bubbagump · wall_segment Palisade Wall x1 |
| 8:51 | Bubbagump · wall_segment Palisade Wall x1 |
| 9:04 | Bubbagump · wall_segment Palisade Wall x1 |
| 9:05 | Bubbagump · wall_segment Palisade Wall x1 |
| 9:05 | Bubbagump · wall_segment Palisade Wall x1 |
| 9:06 | Bubbagump · wall_segment Palisade Wall x1 |
| 9:25 | Bubbagump · wall_segment Palisade Wall x1 |
| 9:38 | Bubbagump · age_up feudal |
| 9:42 | Bubbagump · first_building Archery Range |
| 9:43 | Gabi · age_up feudal |
| 9:45 | Gabi · first_building Archery Range |
| 10:46 | Gabi · wall_segment Palisade Wall x1 |
| 11:56 | Bubbagump · wall_segment Palisade Wall x1 |
| 11:57 | Bubbagump · wall_segment Palisade Wall x1 |
| 12:46 | Gabi · first_building Stable |
| 13:21 | Bubbagump · wall_segment Palisade Wall x1 |
| 13:35 | Bubbagump · wall_segment Palisade Wall x13 |
| 14:22 | Bubbagump · wall_segment Palisade Wall x6 |
| 15:11 | Bubbagump · wall_segment Palisade Wall x1 |
| 15:17 | Bubbagump · wall_segment Palisade Wall x5 |
| 17:24 | Bubbagump · wall_segment Palisade Wall x2 |
| 17:54 | Gabi · first_market_sell 100 wood |
| 17:55 | Gabi · first_market_buy 100 food |
| 19:03 | Bubbagump · wall_segment Palisade Wall x1 |
| 19:04 | Bubbagump · wall_segment Palisade Wall x1 |
| 19:27 | Bubbagump · age_up castle |
| 19:48 | Gabi · wall_segment Palisade Wall x1 |
| 19:48 | Gabi · wall_segment Palisade Wall x1 |
| 19:49 | Gabi · wall_segment Palisade Wall x1 |
| 19:49 | Gabi · wall_segment Palisade Wall x1 |
| 20:08 | Bubbagump · wall_segment Palisade Wall x1 |
| 20:13 | Gabi · wall_segment Palisade Wall x1 |
| 20:15 | Gabi · wall_segment Palisade Wall x1 |
| 20:28 | Bubbagump · wall_segment Palisade Wall x1 |
| 21:16 | Bubbagump · first_market_sell 100 food |
| 21:24 | Gabi · age_up castle |
| 22:54 | Bubbagump · wall_segment Palisade Wall x1 |
| 23:52 | Bubbagump · first_building Castle |
| 24:59 | Bubbagump · first_building Siege Workshop |
| 25:26 | Gabi · first_building Siege Workshop |
| 27:23 | Gabi · first_building Monastery |
| 27:38 | Bubbagump · wall_segment Palisade Wall x1 |
| 31:52 | Bubbagump · resign |
[ AI ANALYSIS · 1 CREDIT ]
What really happened in this match?
Wolo.gg analyzes every decision: build order, eco, micro, common mistakes by bracket. Personalized analysis on WhatsApp or Discord in 30 seconds.
Civ guide
Portuguese
Perfil
Bubbagump